 Dungeon Crawl Stone Soup version 0.28.0 (webtiles) character file.

Game seed: 8640922451697492009

24 Armakuni the Sneak (level 3, -2/20 HPs)
             Began as a Vine Stalker Delver on Feb 16, 2022.
             Slain by a water moccasin zombie (4 damage)
             ... in an ossuary.
             The game lasted 00:03:17 (1310 turns).

Armakuni the Sneak (Vine Stalker Delver)            Turns: 1310, Time: 00:03:17

Health: -2/20      AC:  3    Str: 16    XL:     3   Next: 2%
Magic:  0/4        EV: 11    Int: 10    God:
Gold:   12         SH:  0    Dex: 15    Spells: 2/2 levels left

rFire   . . .      SeeInvis .   a - +0 falchion
rCold   . . .      Faith    .   (no shield)
rNeg    . . .      Spirit   +   b - +0 leather armour
rPois   .          Reflect  .   (no helmet)
rElec   .          Harm     .   (no cloak)
rCorr   .          Rampage  .   (no gloves)
Will    .....                   (no boots)
Stlth   +++.......              (no amulet)
HPRegen 0.06/turn               (no ring)
MPRegen 0.09/turn               (no ring)

@: no status effects
A: fangs 2, magic shield, antimagic bite, no potion heal 2
a: no special abilities


You were in an ossuary.
You visited 1 branch of the dungeon, and saw 1 of its levels.
You also visited: Ossuary.

You collected 12 gold pieces.

Inventory:

Hand Weapons
 a - a +0 falchion (weapon)
Armour
 b - a +0 leather armour (worn)
Wands
 g - a wand of digging (3)
Scrolls
 c - a scroll of fog
 d - a scroll of magic mapping
 e - a scroll of fear


   Skills:
 + Level 3.2 Fighting
 + Level 2.4 Long Blades
 - Level 1.5 Dodging
 - Level 6.0 Stealth


You had 2 spell levels left.
You didn't know any spells.
Your spell library was empty.

Dungeon Overview and Level Annotations

Branches:
Dungeon (5/15)            Ossuary (1/1)
 Temple: D:4-7

Altars:


Innate Abilities, Weirdness & Mutations

You have extremely sharp teeth.
When hurt, damage is shared between your health and your magic reserves.
Your bite disrupts and absorbs the magic of your enemies.
Potions cannot restore your health.


Message History

Your bite misses the water moccasin zombie.
The water moccasin zombie is moderately damaged.
The water moccasin zombie closely misses you.
You closely miss the water moccasin zombie.
You bite the water moccasin zombie. You drain its power.
You feel invigorated.
The water moccasin zombie is moderately damaged.
The water moccasin zombie bites you. x2
* * * LOW HITPOINT WARNING * * *
You hit the water moccasin zombie.
Your punch misses the water moccasin zombie.
The water moccasin zombie is heavily damaged.
The water moccasin zombie closely misses you.
You closely miss the water moccasin zombie.
You bite the water moccasin zombie. You drain its power.
You feel invigorated.
The water moccasin zombie is heavily damaged.
The water moccasin zombie bites you.
* * * LOW HITPOINT WARNING * * *
You hit the water moccasin zombie.
Your punch misses the water moccasin zombie.
Your bite misses the water moccasin zombie.
The water moccasin zombie is heavily damaged.
The water moccasin zombie closely misses you. x2
You hit the water moccasin zombie.
Your bite misses the water moccasin zombie.
The water moccasin zombie is heavily damaged.
The water moccasin zombie completely misses you.
You slash the water moccasin zombie! You bite the water moccasin zombie.
You drain its power.
You feel invigorated.
The water moccasin zombie is severely damaged.
The water moccasin zombie bites you.
* * * LOW HITPOINT WARNING * * *
The water moccasin zombie completely misses you.
You hit the water moccasin zombie.
Your bite misses the water moccasin zombie.
The water moccasin zombie is almost destroyed.
The water moccasin zombie barely misses you.
You hit the water moccasin zombie.
The water moccasin zombie is almost destroyed.
The water moccasin zombie bites you.
You die...

###################
#...'...#....+Z.Z'.
#.@.#...#....#...#Z
#.Z.#...'....#...#.
#'################'
#...# #Z #...# #.
#...# #Z #...# #.
###'# #' #...# #.


You could see a water moccasin zombie.

Vanquished Creatures
  4 adder zombies (Ossuary)
  6 gnoll zombies (Ossuary)
  2 hobgoblin zombies (Ossuary)
  A kobold zombie (Ossuary)
  3 orc zombies (Ossuary)
16 creatures vanquished.

Notes
Turn   | Place    | Note
-------+----------+-------------------------------------------
     0 | D:5      | Armakuni the Vine Stalker Delver began the quest for the
                  | Orb.
     0 | D:5      | Reached XP level 1. HP: 11/11 MP: 2/2
    19 | Ossuary  | Entered an ossuary
   172 | Ossuary  | Noticed a water moccasin zombie
   172 | Ossuary  | Noticed a water moccasin zombie
   254 | Ossuary  | Reached XP level 2. HP: 14/16 MP: 3/3
   710 | Ossuary  | Reached XP level 3. HP: 19/20 MP: 4/4
  1310 | Ossuary  | Slain by a water moccasin zombie

Illustrated notes

Levels and vault maps discovered:
D:5:      minmay_diamond_boxcup, layout_rooms, kennysheep_little_box,
          nicolae_ossuary_entry_monument, minmay_misc_feat_plants
Ossuary:  ossuary_tomb_2

Skill      XL: |  1  2 |
---------------+-------+-----
Long Blades    | 2 |  2.4
Fighting       | 3 |  3.2
Dodging        | |  1.5
Stealth        | |  6.0

Action                   || total
-------------------------++-------
Melee: Falchion          ||    74
       Bite              ||    23
  Use: Scroll            ||     2
       Potion            ||     1
 Stab: Sleeping          ||     3
Armor: Leather armour    ||    12
Dodge: Dodged            ||    33
